 Dungeon Crawl Stone Soup version 0.25-a0-317-g5f8687bca5 (webtiles) character file.

Game seed: 16376795798582914027, levelgen mode: deterministic

62 Gremour the Conjurer (level 3, -2/19 HPs)
             Began as a Deep Elf Conjurer on Dec 26, 2019.
             Slain by an orc
             ... wielding a +0 mace
              (6 damage)
             ... on level 2 of the Dungeon.
             The game lasted 00:07:23 (1248 turns).

Gremour the Conjurer (Deep Elf Conjurer)            Turns: 1248, Time: 00:07:24

Health: -2/19      AC:  3    Str:  5    XL:     3   Next: 85%
Magic:  5/10       EV: 13    Int: 20    God:
Gold:   87         SH:  0    Dex: 15    Spells: 4/10 levels left

rFire    . . .     SeeInvis +   a - +4 dagger
rCold    . . .     Gourm    .   (no shield)
rNeg     . . .     Faith    .   d - +0 robe
rPois    .         Spirit   .   g - +0 helmet
rElec    .         Reflect  .   (no cloak)
rCorr    .         Harm     .   (no gloves)
MR       .....                  (no boots)
Stlth    ++........             (no amulet)
HPRegen  0.06/turn              n - ring of see invisible
MPRegen  0.12/turn              (no ring)

@: no status effects
A: no striking features
a: no special abilities


You were on level 2 of the Dungeon.
You were not hungry.

You visited 1 branch of the dungeon, and saw 3 of its levels.

You collected 87 gold pieces.

Inventory:

Hand Weapons
 a - a +4 dagger (weapon)
 r - a +1 short sword of protection
Missiles
 f - 4 boomerangs of dispersal (quivered)
Armour
 d - a +0 robe (worn)
 g - a +0 helmet (worn)
Jewellery
 n - a ring of see invisible (left hand)
Wands
 l - a wand of enslavement (7)
Scrolls
 e - 2 scrolls of remove curse {unknown}
 h - a scroll of amnesia {unknown}
 i - a scroll of magic mapping {unknown}
 j - a scroll of teleportation {unknown}
 m - a scroll of identify {unknown}
 o - a scroll of immolation {unknown}
Potions
 b - 3 potions of curing {unknown}
 p - a potion of agility {unknown}
 q - a potion of mutation {unknown}
Comestibles
 c - 8 rations
 k - a chunk of flesh


   Skills:
 + Level 3.1 Dodging
 - Level 2.4 Stealth
 * Level 4.4 Spellcasting
 - Level 5.1 Conjurations


You had 4 spell levels left.
You knew the following spells:

 Your Spells              Type           Power        Failure   Level  Hunger
a - Searing Ray           Conj           ###...       2%          2    #......
f - Dazzling Flash        Conj/Hex       ##....       13%         3    ###....
z - Magic Dart            Conj           ###.         1%          1    None

Your spell library contained the following spells:

 Spells                   Type           Power        Failure   Level  Hunger
 Fulminant Prism          Conj/Hex       ##........   41%         4    ####...
 Iskenderun's Mystic Bla  Conj/Tloc      ##......     41%         4    ####...


Dungeon Overview and Level Annotations

Branches:
Dungeon (3/15)

Altars:
Qazlal
Wu Jian


Message History

Casting: Magic Dart (safe; 1% risk of failure)
Confirm with . or Enter, or press ? or * to list all spells.
Aiming: Magic Dart (safe; 1% risk of failure)
Press: ? - help, Shift-Dir - straight line, f/p - orc
Aim: an orc, wielding a +0 war axe (heavily wounded)
The magic dart hits the orc.
You kill the orc!
The orc closely misses you. The kobold completely misses you.
Unknown command.
A worm comes into view.
The orc hits you with a +0 mace. The kobold hits you but does no damage.
There is a stone staircase leading up here.
The orc wizard is no longer blind.
The orc hits you with a +0 war axe!
* * * LOW HITPOINT WARNING * * *
The orc closely misses you. The kobold misses you.
You climb upwards.
There is a stone staircase leading down here.
Unknown command.
The orc hits you with a +0 mace.
You die...

##.##.####.#######.
#......###.##......
#......##..##.####.
#.....[....##.####.
#.....รท....##.##...
#.......##.##.##.##
#K....<...(......#
#.>o....#..##.##.##
##@(.##.##.##.##...
#.#..#.##.##.####.
#.##.#..#.##.####.
#.##......##......
#.##....#.#######.
##....#....#######.
#.....##...........
#)....##.#.########
##.....##.#...######


You could see an orc and a kobold.

Vanquished Creatures
  An ooze (D:2)
  A worm (D:2)
  4 dart slugs (D:1)
  A leopard gecko (D:1)
  An orc (D:3)
  5 bats
  3 giant cockroaches
  3 goblins
  5 hobgoblins
  6 jackals
  3 frilled lizards (D:2)
  3 kobolds
  7 rats
43 creatures vanquished.

Notes
Turn   | Place    | Note
-------+----------+-------------------------------------------
     0 | D:1      | Gremour the Deep Elf Conjurer began the quest for the Orb.
     0 | D:1      | Reached XP level 1. HP: 10/10 MP: 6/6
   160 | D:1      | Reached XP level 2. HP: 15/15 MP: 2/8
   358 | D:1      | Reached skill level 5 in Conjurations
   506 | D:1      | Reached XP level 3. HP: 19/19 MP: 7/10
   869 | D:2      | Learned a level 3 spell: Dazzling Flash
   872 | D:2      | Learned a level 2 spell: Searing Ray
   894 | D:2      | Noticed a water elemental
   897 | D:2      | Found a stormy altar of Qazlal.
   901 | D:2      | Noticed an air elemental
   901 | D:2      | Noticed an earth elemental
   901 | D:2      | Noticed a fire elemental
  1133 | D:2      | Found an ornate altar of the Wu Jian Council.
  1248 | D:2      | Slain by an orc

Levels and vault maps discovered:
D:1:      saegor_arrival_simple_b, layout_loops_ring, hex_tiny,
          minmay_tiny_reverse_x
D:2:      layout_rooms, lemuel_doored_altar, nicolae_qazlal_style_of_elements,
          first_ration, roderic_nine_men_s_morris
D:3:      minmay_evil_eye, layout_rooms, cheibriados_altar_1,
          nicolae_overflow_crystal_walls, fedhas_altar_1

Skill      XL: |  1  2  3 |
---------------+----------+-----
Conjurations   | 5 |  5.1
Spellcasting   | 4 |  4.4
Dodging        | 3 |  3.1
Stealth        | |  2.4

Action                   || total
-------------------------++-------
Melee: Dagger            ||    44
Throw: Boomerang         ||     4
 Cast: Magic Dart        ||    58
       Dazzling Flash    ||     2
       Searing Ray       ||     1
 Stab: Sleeping          ||     2
       Invisible         ||     1
  Eat: Chunk             ||     1
Armor: Robe              ||    17
Dodge: Dodged            ||    62

Table legend:
 A = Non-vault XP
 B = Vault XP
 C = Vault XP percentage of total XP
 D = Non-vault monster count
 E = Vault monster count
 F = Vault count percentage of total count
                 A         B        C        D         E       F
            +---------+---------+-------+---------+---------+-------
      Total |      86 |       3 |   3.4 |      41 |       2 |   4.7
            +---------+---------+-------+---------+---------+-------
        D:1 |      43 |       3 |   6.5 |      19 |       2 |   9.5
        D:2 |      40 |       0 |   0.0 |      21 |       0 |   0.0
        D:3 |       3 |       0 |   0.0 |       1 |       0 |   0.0
            +---------+---------+-------+---------+---------+-------
